 Dungeon Crawl Stone Soup version 0.31-a0-460-g9e667d4245 (webtiles) character file.

Game seed: 16410944876562826015

5830 Maratek the Cleaver (level 10, 0/79 HPs)
             Began as a Demonspawn Fighter on Aug 4, 2023.
             Was a Priest of Qazlal.
             Slain by a cane toad (1 damage)
             ... on level 1 of the Lair of Beasts.
             The game lasted 00:19:28 (7332 turns).

Maratek the Cleaver (Demonspawn Fighter)            Turns: 7332, Time: 00:19:28

Health: 0/79       AC: 16    Str: 26    XL:     10   Next: 51%
Magic:  11/11      EV: 17    Int:  9    God:    Qazlal [***...]
Gold:   456        SH:  3    Dex: 13    Spells: 9/9 levels left

rFire   . . .        l - +1 dire flail of Zunopeal {flame, Will- Str+5}
rCold   . . .        (shield currently unavailable)
rNeg    . . .        m - +0 plate armour
rPois   .            f - +0 helmet
rElec   .            (no cloak)
rCorr   .            (no gloves)
SInv    .            (no boots)
Will    .....        c - amulet of regeneration Stlth
                     b - +5 ring of evasion
HPRegen 1.13/turn    w - +5 ring of evasion
MPRegen 0.12/turn

%: no passive effects
@: lethally poisoned (0 -> -2)
A: hooves 2, molten scales 1, spiny 1, demonic magic 1
a: Renounce Religion, Upheaval, Elemental Force


You were on level 1 of the Lair of Beasts.
You worshipped Qazlal.
Qazlal was most pleased with you.
You visited 2 branches of the dungeon, and saw 9 of its levels.

You collected 456 gold pieces.

Inventory:

Hand Weapons
 a - a +0 war axe
 l - the +1 dire flail of Zunopeal (weapon) {flame, Will- Str+5}
   (You found it on level 7 of the Dungeon)

   Str:       It affects your strength (+5).
   Will:      It decreases your willpower.
 q - a +5 heavy dire flail
Armour
 f - a +0 helmet (worn)
 m - a +0 plate armour (worn)
Jewellery
 b - a +5 ring of evasion (left hand)
 c - an amulet of regeneration (around neck)
 d - a +6 ring of intelligence
 w - a +5 ring of evasion (right hand)
Wands
 e - a wand of iceblast (16)
 A - a wand of charming (18)
 C - a wand of flame (10)
Scrolls
 n - a scroll of teleportation
 s - a scroll of blinking
 z - a scroll of noise {unknown}
 B - 2 scrolls of fear {unknown}
Potions
 g - a potion of cancellation {unknown}
 h - 3 potions of lignification {unknown}
 i - 2 potions of attraction {unknown}
 j - a potion of magic {unknown}
 k - a potion of haste {unknown}
 o - 2 potions of degeneration {unknown}
 p - a potion of brilliance {unknown}
 r - 2 potions of mutation {unknown}
 t - a potion of curing {unknown}
 x - a potion of ambrosia {unknown}
Miscellaneous
 u - a phantom mirror (inert)
 v - a condenser vane (inert)
 y - a box of beasts


   Skills:
 + Level 7.1 Fighting
 - Level 10.2 Axes
 + Level 1.4(6.5) Maces & Flails
 + Level 6.2 Armour
 + Level 1.3 Dodging
 + Level 0.6 Stealth
 + Level 6.6 Shields
 + Level 1.5 Invocations


You had 9 spell levels left.
You didn't know any spells.
Your spell library contained the following spells:

 Spells                   Type           Power      Damage    Failure   Level
 Freeze                   Ice            0%         1d3       99%         1
 Ensorcelled Hibernation  Hex/Ice        0%         N/A       100%        2
 Poisonous Vapours        Pois/Air       0%         N/A       100%        2
 Scorch                   Fire           0%         2d5       100%        2
 Frozen Ramparts          Ice            0%         1d1       100%        3
 Hailstorm                Conj/Ice       0%         3d3       100%        3
 Portal Projectile        Hex/Tloc       0%         N/A       100%        3
 Tukima's Dance           Hex            0%         N/A       100%        3
 Anguish                  Hex/Necr       0%         N/A       100%        4
 Flame Wave               Conj/Fire      0%         2d4       100%        4
 Iskenderun's Mystic Bla  Conj/Tloc      0%         2d3       100%        4
 Leda's Unmaking          Conj/Erth      0%         9d1       100%        6
 Summon Cactus Giant      Summ           0%         N/A       100%        6
 Spellforged Servitor     Conj/Summ      0%         N/A       100%        7


Dungeon Overview and Level Annotations

Branches:
Dungeon (8/15)             Temple (0/1) D:5            Lair (1/5) D:8

Altars:
Ashenzari
Dithmenos
Fedhas
Gozag
Hepliaklqana
Kikubaaqudgha
Nemelex Xobeh
Okawaru
Qazlal
Xom

Shops:
D:5 (   D:6 *   D:7 [

Annotations:
D:3 exclusion: oklob plant
D:7 1 runed translucent door


Innate Abilities, Weirdness & Mutations

You have hoof-like feet.
You are partially covered in molten scales. (AC +2)
You are partially covered in sharp spines.
Spells you cast may paralyse adjacent enemies.


Message History

The cane toad stings you but does no damage.
You completely miss the cane toad.
The cane toad is lightly wounded.
You feel very sick. The cane toad stings you! The cane toad barely misses you.
You hit the cane toad. You burn the cane toad. You kick the cane toad!
The cane toad is moderately wounded.
You feel very sick.
Found a knobbly bone ring.
You feel very sick. The cane toad stings you!
You are more poisoned.
The cane toad poisons you! The cane toad barely misses you.
You barely miss the cane toad. You kick the cane toad.
The cane toad is heavily wounded.
You feel very sick. The cane toad is struck by your spines.
The cane toad completely misses you. The cane toad is struck by your spines.
The cane toad closely misses you.
You closely miss the cane toad. You kick the cane toad.
The cane toad is severely wounded.
You feel very sick. The cane toad stings you!
* * * LOW HITPOINT WARNING * * *
The cane toad is struck by your spines. The cane toad stings you.
* * * LOW HITPOINT WARNING * * *
Aiming: Phantom Mirror
Press: ? - help, Q - select action, (/) - cycle Dir - move target, f - cane toad
Aim: a cane toad (lightly wounded)
You reflect the cane toad with the mirror!
The mirror clouds!
You feel very sick. The cane toad is struck by your spines.
The cane toad closely misses you.
Your cane toad completely misses the cane toad.
The cane toad is struck by your spines. The cane toad misses you.
Clouds condense from the air!
The condenser dries out!
You feel very sick. The cane toad stings you!
* * * LOW HITPOINT WARNING * * *
Your cane toad stings the cane toad!
The cane toad stings you.
You die...

#.......^..
#..#.###.#.....=......#
...### # ...........#
#..### ..........#
#..P.#####. .........###
#........... ..........
#........... F.§.....
#..######### #F.#..# ##
#..##P##########@##..##.##P
#.............§F.○.........
#..........................
#..##.#.##########P........
#..##..##P######.##........
#..........................
...........................
#######.##.#########.###..P
###### ## ###


You could see 2 cane toads and a friendly cane toad (summoned, drained).

Vanquished Creatures
  A two-headed ogre (D:8)
  A deep elf pyromancer (D:7)
  An ugly thing (D:7)
  A cyclops (D:7)
  2 trolls (D:7)
  A shadow (D:7)
  2 yaks (D:7)
  Menkaure (D:7)
  3 water moccasins
  2 sky beasts
  An ice beast (D:7)
  An ogre (D:5)
  A centaur (D:8)
  3 kobold brigands
  3 phantoms
  4 bullfrogs
  2 scorpions
  10 wights
  3 killer bees (D:8)
  2 vampire bats (D:5)
  7 hounds
  A jelly (D:7)
  4 sleepcaps
  An orc priest (D:8)
  2 gnoll boudas
  4 orc wizards
  3 iguanas
  3 adders
  8 gnolls
  An ufetubus (D:6)
  4 dart slugs
  15 orcs
  10 ball pythons
  4 bat skeletons (D:5)
  A bat zombie (D:5)
  9 endoplasms
  3 giant cockroaches
  5 hobgoblins
  2 jackals (D:3)
  33 kobolds
  6 quokkas
  5 frilled lizards
  4 goblins
  9 rats
  A spectral orc (D:4)
190 creatures vanquished.

Notes
Turn   | Place    | Note
-------+----------+-------------------------------------------
     0 | D:1      | Maratek the Demonspawn Fighter began the quest for the Orb.
     0 | D:1      | Reached XP level 1. HP: 18/18 MP: 1/1
   129 | D:1      | Gained mutation: You are partially covered in molten
                  | scales. (AC +2) [demonic ancestry]
   129 | D:1      | Reached XP level 2. HP: 21/24 MP: 2/2
   205 | D:1      | Reached skill level 2 in Axes
   812 | D:1      | Reached XP level 3. HP: 27/29 MP: 3/3
  2053 | D:3      | Reached XP level 4. HP: 33/35 MP: 4/4
  2064 | D:3      | Found an opulent altar of Gozag.
  2210 | D:3      | Reached skill level 3 in Axes
  2238 | D:3      | Found a stormy altar of Qazlal.
  2257 | D:3      | Became a worshipper of Qazlal Stormbringer
  2325 | D:3      | Found a sparkling altar of Nemelex Xobeh.
  2485 | D:3      | Found a blossoming altar of Fedhas.
  2504 | D:3      | Noticed an oklob plant
  2941 | D:4      | Found a shadowy altar of Dithmenos.
  3079 | D:4      | Gained mutation: You have large cloven feet. [demonic
                  | ancestry]
  3079 | D:4      | Reached XP level 5. HP: 37/41 MP: 5/5
  3359 | D:4      | Found a hazy altar of Hepliaklqana.
  3397 | D:5      | Entered Level 5 of the Dungeon
  3403 | D:5      | Found a shimmering altar of Xom.
  3480 | D:5      | Found a staircase to the Ecumenical Temple.
  3679 | D:5      | Noticed a phantom
  3698 | D:5      | Killed a phantom
  3699 | D:5      | Reached skill level 4 in Axes
  3699 | D:5      | Gained mutation: You are partially covered in sharp spines.
                  | [demonic ancestry]
  3699 | D:5      | Reached XP level 6. HP: 34/48 MP: 6/6
  3803 | D:5      | Found Ruinumucs's Antique Weapon Shop.
  3991 | D:5      | Reached * piety under Qazlal
  4044 | D:5      | Found an iron altar of Okawaru.
  4202 | D:5      | Reached skill level 5 in Axes
  4272 | D:5      | Reached XP level 7. HP: 50/54 MP: 7/7
  4562 | D:5      | Found an ancient bone altar of Kikubaaqudgha.
  4832 | D:6      | Reached skill level 6 in Axes
  4872 | D:6      | Gained mutation: Spells you cast may paralyse adjacent
                  | enemies. [demonic ancestry]
  4872 | D:6      | Reached XP level 8. HP: 59/61 MP: 8/8
  4909 | D:6      | Found Otaoz's Assorted Antiques.
  4976 | D:6      | Reached ** piety under Qazlal
  5115 | D:6      | Reached skill level 5 in Fighting
  5115 | D:6      | Reached skill level 7 in Axes
  5514 | D:7      | Found a broken altar of Ashenzari.
  5524 | D:7      | Found Xyost's Armour Boutique.
  5646 | D:7      | Gained mutation: You have hoof-like feet. [demonic
                  | ancestry]
  5646 | D:7      | Reached XP level 9. HP: 61/69 MP: 9/9
  5777 | D:7      | Reached skill level 5 in Shields
  5779 | D:7      | Reached skill level 8 in Axes
  5956 | D:7      | Noticed Menkaure
  5959 | D:7      | Killed Menkaure
  6040 | D:7      | Reached skill level 5 in Armour
  6072 | D:7      | Found a runed translucent door.
  6104 | D:7      | Noticed a red ugly thing
  6104 | D:7      | Noticed a deep elf pyromancer
  6117 | D:7      | Noticed a troll
  6123 | D:7      | Killed a red ugly thing
  6124 | D:7      | Reached skill level 9 in Axes
  6124 | D:7      | Reached skill level 1 in Dodging
  6127 | D:7      | Killed a troll
  6161 | D:7      | Noticed a troll
  6168 | D:7      | Killed a troll
  6168 | D:7      | Reached *** piety under Qazlal
  6169 | D:7      | Reached XP level 10. HP: 64/77 MP: 10/10
  6172 | D:7      | Noticed a cyclops
  6184 | D:7      | HP: 3/77 [cyclops (7)]
  6186 | D:7      | Killed a cyclops
  6187 | D:7      | Reached skill level 1 in Invocations
  6188 | D:7      | Killed a deep elf pyromancer
  6352 | D:7      | Identified the +1 dire flail of Zunopeal {flame, Will-
                  | Str+5}
  6361 | D:7      | Got Appig's Exposition on the Destructive Zephyr
  6565 | D:8      | Reached skill level 10 in Axes
  6749 | D:8      | Found a staircase to the Lair.
  6873 | D:8      | Noticed a two-headed ogre
  6880 | D:8      | Killed a two-headed ogre
  6881 | D:8      | Reached skill level 1 in Maces & Flails
  7266 | Lair:1   | Entered Level 1 of the Lair of Beasts
  7320 | Lair:1   | Noticed a cane toad
  7323 | Lair:1   | Noticed a cane toad
  7332 | Lair:1   | HP: 1/79 [cane toad (7)]
  7332 | Lair:1   | Slain by a cane toad

Illustrated notes

Levels and vault maps discovered:
D:1:      roderic_crop_circles_arrival_small, layout_basic,
          hangedman_abyss_or_decor_stabs, minmay_misc_feat_more_columns,
          chequers_serial_rivers_micro_e
D:2:      layout_basic, uniq_crazy_yiuf_cottage
D:3:      layout_rooms, tgw_fedhas, grunt_qazlal_clouds, lemuel_crystal_altar,
          nemelex_spade_bored_becter
D:4:      layout_basic, nicolae_hepliaklqana_monster_ancestors,
          nicolae_dithmenos_the_darkroom, nicolae_overflow_crystal_walls
D:5:      kennysheep_kobold_camp, layout_basic, mainiacjoe_overflow_alcove_1,
          kennysheep_vampire_church, lemuel_crystal_altar,
          minmay_temple_entry_from_below_a, serial_shops,
          nicolae_shop_competitors_out_of_business
D:6:      layout_cave_pools, serial_shops, shop
D:7:      minmay_the_grid_triangle_9x9_rhombus_thin
          [minmay_the_grid_triangle_9x9_subtriangle,
          minmay_the_grid_triangle_9x9_prize_center,
          minmay_the_grid_triangle_9x9_flanged_cone,
          minmay_the_grid_triangle_9x9_sprig], layout_basic,
          cheibrodos_ashenzari_chains, serial_shops, nicolae_shop_trees,
          amcnicky_mini_pool_small, uniq_menkaure
D:8:      layout_loops_ring, lair_entry_dummy
Lair:1:   lemuel_slime, layout_long_grid, gammafunk_ghost_split, special_room
          [special_room_bee]

Skill      XL: |  1  2  3  4  5  6  7  8  9 10 |
---------------+-------------------------------+-----
Axes           | 2 3 4 5 6 7 9 10 | 10.2
Shields        | 3 4 6 |  6.6
Armour         | 3 4 5 6 |  6.2
Fighting       | 4 5 6 7 |  7.1
Dodging        | 1 |  1.3
Invocations    | 1 |  1.5
Maces & Flails | 1 |  1.4
Stealth        | |  0.6

Action                     |  1- 3 |  4- 6 |  7- 9 | 10-12 || total
---------------------------+-------+-------+-------+-------++-------
  Melee: War axe           |   195 |   144 |   208 |     8 ||   555
         Kick              |       |     9 |    56 |    18 ||    83
         Dire flail        |       |       |       |    44 ||    44
 Invoke: Upheaval          |       |       |     1 |     1 ||     2
  Evoke: Phantom mirror    |       |       |       |     1 ||     1
         Condenser vane    |       |       |       |     1 ||     1
    Use: Scroll            |       |       |     5 |       ||     5
         Potion            |       |       |       |     1 ||     1
 Armour: Scale mail        |    82 |    19 |       |       ||   101
         Plate armour      |       |   129 |   113 |    13 ||   255
  Dodge: Dodged            |    71 |    53 |    87 |    38 ||   249
  Block: Buckler           |    25 |    62 |   129 |     3 ||   219
         Other             |       |       |       |     6 ||     6

Table legend: (Time is in decaauts)
 A = Elapsed time spent in this place.
 B = Non-inter-level travel time spent in this place.
 C = Inter-level travel time spent in this place.
 D = Time resting spent in this place.
 E = Time spent auto-exploring this place.
 F = Levels seen in this place.
 G = Mean time per level.
                   A        B        C        D        E       F      G
               +--------+--------+--------+--------+--------+-----+--------+
         Total |   7509 |   7305 |    204 |    688 |   4700 |   9 |  834.3 |
       Dungeon |   7443 |   7239 |    204 |    688 |   4648 |   8 |  930.4 |
          Lair |     65 |     65 |      0 |      0 |     52 |   1 |   65.0 |
               +--------+--------+--------+--------+--------+-----+--------+

Top non-repeatable levels by time:
     D:5: 1422 daAuts
     D:7: 1083 daAuts
     D:1: 1071 daAuts
     D:2: 1035 daAuts
     D:4: 781 daAuts
     D:8: 781 daAuts
     D:6: 636 daAuts
     D:3: 630 daAuts
  Lair:1: 65 daAuts
